 Dungeon Crawl Stone Soup version 0.20-a0-876-g2c7b0bf (webtiles) character file.

457 4thArraOfDagon the Slasher (level 6, -3/52 HPs)
             Began as a Demigod Wanderer on Mar 15, 2017.
             Shot with an arrow by a centaur (9 damage)
             ... on level 8 of the Dungeon.
             The game lasted 00:04:10 (1328 turns).

4thArraOfDagon the Slasher (Demigod Wanderer)       Turns: 1328, Time: 00:04:11

Health: -3/52      AC:  6    Str: 16    XL:     6   Next: 48%
Magic:  8/8        EV: 10    Int: 22    God:
Gold:   151        SH:  0    Dex: 12    Spells: 5/5 levels left

rFire    . . .     SeeInvis .   i - +0 long sword
rCold    . . .     Gourm    .   g - +1 ring mail
rNeg     . . .     Faith    .   (no shield)
rPois    .         Spirit   .   (no helmet)
rElec    .         Reflect  .   (no cloak)
rCorr    .         Harm     .   (no gloves)
MR       .....                  (no boots)
Stlth    +.........             (no amulet)
Regen    0.2/turn               (no ring)
MPRegen  0.2/turn               (no ring)

@: about to teleport, drained
A: high mp 1
a: no special abilities


You were on level 8 of the Dungeon.
You were not hungry.

You visited 1 branch of the dungeon, and saw 8 of its levels.

You collected 151 gold pieces.

Inventory:

Hand Weapons
 b - a +2 blowgun
 i - a +0 long sword (weapon)
 m - a +1 short sword of flaming
Missiles
 a - 2 curare-tipped needles
Armour
 e - a +0 robe
 g - a +1 ring mail (worn)
 h - a +0 large shield
Wands
 p - a wand of lightning (10/15)
Scrolls
 d - 2 scrolls of teleportation
 j - 2 scrolls of remove curse
 q - a scroll of identify {unknown}
 r - a scroll of enchant weapon {unknown}
Books
 t - a book of Changes

   Spells                             Type                      Level
   a - Beastly Appendage              Transmutation                1
   b - Sticks to Snakes               Transmutation                2
   c - Spider Form                    Transmutation/Poison         3
   d - Ice Form                       Ice/Transmutation            4
   e - Blade Hands                    Transmutation                5
Comestibles
 c - 2 chunks of flesh
 f - 2 bread rations
 k - 2 meat rations
 o - 2 fruits


   Skills:
 + Level 4.1(3.8) Fighting
 * Level 5.1(4.7) Long Blades
 - Level 1.7(1.4) Throwing
 - Level 1.0(0.7) Stealth
   Level 1.7(1.4) Necromancy
   Level 2.6(2.3) Transmutations


You had 5 spell levels left.
You didn't know any spells.

Dungeon Overview and Level Annotations

Branches:
Dungeon (8/15)
 Temple: D:4-7         Lair: D:8-11

Annotations:
D:3 Dingo's ghost, amateur VSAs


Innate Abilities, Weirdness & Mutations

You have an increased reservoir of magic. (+10% MP)


Message History

As you read the scroll of teleportation, it crumbles to dust.
You feel strangely unstable.
The centaur shoots an arrow.
The arrow hits you.
* * * LOW HITPOINT WARNING * * *
Drop what? 19/52 slots (_ for help) (? for menu, Esc to quit)
Okay, then.
Unknown command.
Unknown command.
Unknown command.
As you read the scroll labeled WYITOM HYPH, it crumbles to dust.
Your body is wracked with pain!
* * * LOW HITPOINT WARNING * * *
The centaur convulses!
It was a scroll of torment.
Unknown command.
As you read the scroll labeled PIESTO WIONN, it crumbles to dust.
It is a scroll of enchant armour.
Your +0 ring mail glows green for a moment.
The centaur shoots an arrow.
The arrow closely misses you.
Unknown command.
The centaur shoots an arrow.
The arrow hits you!
You die...

............# #
.............# +
%............# #
............(# .
...?.........+
.............#
.............###
.....c..(...(...
.......@........
................
................
................
................
................
################


You could see a centaur.

Vanquished Creatures
  An ogre (D:8)
  A centaur (D:8)
  2 bullfrogs (D:7)
  A centaur skeleton (D:7)
  An iguana (D:8)
  2 worker ants (D:8)
  A hound skeleton (D:7)
  3 adders
  An ooze (D:5)
  A dart slug (D:4)
  2 leopard geckos
  An orc (D:4)
  2 bats (D:3)
  A frilled lizard (D:5)
  A rat (D:3)
21 creatures vanquished.

Vanquished Creatures (others)
  An iguana (D:5)
1 creature vanquished.

Grand Total: 22 creatures vanquished

Notes
Turn   | Place    | Note
-------+----------+-------------------------------------------
     0 | D:1      | 4thArraOfDagon the Demigod Wanderer began the quest for the Orb.
     0 | D:1      | 4thArraOfDagon set off with: 2 curare-tipped needles, a +2 blowgun, a potion of curing, a scroll of teleportation, a +0 robe, a bread ration
     0 | D:1      | Reached XP level 1. HP: 17/17 MP: 3/3
   111 | D:3      | Noticed Dingo's ghost (amateur VSAs)
   173 | D:4      | Reached skill level 1 in Long Blades
   177 | D:4      | Reached XP level 2. HP: 7/24 MP: 4/4
   352 | D:5      | Entered Level 5 of the Dungeon
   582 | D:7      | Reached skill level 2 in Long Blades
   582 | D:7      | Reached XP level 3. HP: 30/30 MP: 5/5
   637 | D:7      | Noticed a bullfrog
   649 | D:7      | Killed a bullfrog
   649 | D:7      | Reached skill level 3 in Long Blades
   649 | D:7      | Reached XP level 4. HP: 19/37 MP: 6/6
   667 | D:7      | Found a shadowy altar of Dithmenos.
   670 | D:7      | Noticed a bullfrog
   679 | D:7      | Killed a bullfrog
   679 | D:7      | Reached XP level 5. HP: 15/45 MP: 7/7
  1108 | D:8      | Reached skill level 4 in Long Blades
  1126 | D:8      | HP: 2/45 [iguana (9)]
  1259 | D:8      | Noticed a centaur
  1280 | D:8      | Killed a centaur
  1280 | D:8      | Reached XP level 6. HP: 16/52 MP: 8/8
  1297 | D:8      | Reached skill level 5 in Long Blades
  1328 | D:8      | Shot with an arrow by a centaur

Vault maps used:
D:1:      dpeg_arrival_round_a, minmay_tromino_i4
D:2:      chequers_ecumenical_altar_grove
D:4:      minmay_temple_entry_metal_lava, serial_shops, shop_scrolls, shop
D:5:      first_bread, lemuel_flamethrower_2
D:6:      minitemple, uniq_eustachio, uniq_crazy_yiuf_cottage
D:7:      nicolae_dithmenos_shadow_blocks
D:8:      tgw_trog

Skill      XL: |  1  2  3  4  5  6 |
---------------+-------------------+-----
Fighting       | 2 3 4 |  4.1
Long Blades    | 1 2 3 4 5 |  5.1
Throwing       | |  1.7
Stealth        | |  1.0
Necromancy     | |  1.7
Transmutations | |  2.6

Action                   |  1- 3 |  4- 6 || total
-------------------------+-------+-------++-------
Melee: Long sword        |    25 |    28 ||    53
       Short sword       |    13 |    47 ||    60
 Fire: Blowgun           |     2 |     7 ||     9
  Use: Potion            |       |     4 ||     4
       Scroll            |       |     5 ||     5
  Eat: Chunk             |       |     1 ||     1
Armor: Ring mail         |    30 |    19 ||    49
       Skin              |       |    14 ||    14
Dodge: Dodged            |    29 |    37 ||    66
       Rpst.: Long sword |     2 |     7 ||     9
